 Dungeon Crawl Stone Soup version 0.28-a0-565-g7719699fd9 (webtiles) character file.

Game seed: 17911958160524071633

60 Drevant2 the Poker (level 4, -8/33 HPs)
             Began as a Merfolk Gladiator on Oct 1, 2021.
             Mangled by an iguana (9 damage)
             ... on level 3 of the Dungeon.
             The game lasted 00:04:34 (1577 turns).

Drevant2 the Poker (Merfolk Gladiator)              Turns: 1577, Time: 00:04:35

Health: -8/33      AC:  4    Str: 14    XL:     4   Next: 4%
Magic:  4/4        EV: 13    Int:  7    God:
Gold:   90         SH:  0    Dex: 16    Spells: 3/3 levels left

rFire   . . .      SeeInvis .   a - +0 trident
rCold   . . .      Faith    .   (no shield)
rNeg    . . .      Spirit   .   b - +0 leather armour
rPois   .          Reflect  .   c - +0 helmet
rElec   .          Harm     .   (no cloak)
rCorr   .          Rampage  .   (no gloves)
Will    .....                   (no boots)
Stlth   +.........              (no amulet)
HPRegen 0.11/turn               (no ring)
MPRegen 0.09/turn               (no ring)

@: about to teleport
A: (nimble swimmer 2), mertail
a: no special abilities


You were on level 3 of the Dungeon.
You visited 1 branch of the dungeon, and saw 3 of its levels.

You collected 90 gold pieces.

Inventory:

Hand Weapons
 a - a +0 trident (weapon)
Missiles
 d - 3 throwing nets (quivered)
Armour
 b - a +0 leather armour (worn)
 c - a +0 helmet (worn)
Wands
 j - a wand of charming (6)
Scrolls
 h - a scroll of magic mapping {unknown}
 i - a scroll of acquirement


   Skills:
 - Level 2.1 Fighting
 - Level 7.0 Polearms
 - Level 2.0 Throwing
 + Level 4.0 Dodging


You had 3 spell levels left.
You didn't know any spells.
Your spell library contained the following spells:

 Spells                   Type           Power      Damage    Failure   Level
 Ensorcelled Hibernation  Hex/Ice        0%         N/A       65%         2
 Passwall                 Tmut/Erth      0%         N/A       65%         2
 Spider Form              Tmut/Pois      0%         N/A       87%         3
 Swiftness                Air            0%         N/A       87%         3
 Invisibility             Hex            0%         N/A       100%        6


Dungeon Overview and Level Annotations

Branches:
Dungeon (3/15)

Altars:


Innate Abilities, Weirdness & Mutations

((You are quick and stealthy near water. (Stealth+, EV+, Speed+++)))
Your lower body shifts to a powerful aquatic tail in water.


Message History

Unknown command.
An iguana comes into view.
Found a fuming green potion.
An iguana is nearby!
An iguana is nearby!
An iguana, an endoplasm and a goblin come into view.
The endoplasm quivers.
The goblin shouts!
The iguana hisses angrily.
Found a cyan potion.
The iguana closely misses you.
A worm comes into view.
You barely miss the worm. The iguana barely misses you.
It was a potion of heal wounds.
You feel much better.
The iguana hisses menacingly.
The iguana closely misses you. The worm bites you.
This is a scroll of acquirement!
Something appears at your feet! The iguana misses you.
The goblin closely misses you. The worm bites you.
You aren't carrying any potions.
As you read the scroll labelled WOAGUCL LAUFY, it crumbles to dust.
It is a scroll of identify.
g - a scroll of teleportation The iguana barely misses you.
The goblin hits you with a +0 dagger.
As you read the scroll of teleportation, it crumbles to dust.
You feel strangely unstable. The iguana bites you. The goblin misses you.
The worm closely misses you.
You barely miss the goblin. The iguana completely misses you.
The goblin hits you but does no damage.
You puncture the goblin!
You kill the goblin!
The iguana bites you! The worm barely misses you.
You hit the endoplasm.
The endoplasm is heavily wounded.
The iguana bites you!
* * * LOW HITPOINT WARNING * * *
The endoplasm barely misses you. The worm bites you!
* * * LOW HITPOINT WARNING * * *
You hit the endoplasm but do no damage.
The endoplasm is heavily wounded.
The iguana bites you!
You die...

....... ###########.#
.....!. ###...[...†....
..(....##.......#####..
..........#...#..# .
+######..#######.####..
#....###.........
#l.###.###.....#.
##l..#)..#..###.#
#@J#..!#...)# #
###w###.###...# .^..
###...>.# ..
##.###.###)#.#
##.###..#...#..#.#
.............##.# #.
###.#...####.# #.###
.#.#.# #.# ...##.#.#.#
#.#


You could see a worm, 2 iguanas and an endoplasm.

Vanquished Creatures
  An adder (D:2)
  A dart slug (D:1)
  3 endoplasms
  3 giant cockroaches
  6 goblins
  5 hobgoblins
  4 jackals (D:2)
  A quokka (D:2)
  3 ball pythons
  A ball python skeleton (D:3)
  A frilled lizard (D:3)
  8 kobolds
  8 rats
45 creatures vanquished.

Notes
Turn   | Place    | Note
-------+----------+-------------------------------------------
     0 | D:1      | Drevant2 the Merfolk Gladiator began the quest for the Orb.
     0 | D:1      | Reached XP level 1. HP: 16/16 MP: 1/1
   376 | D:1      | Reached skill level 5 in Polearms
   379 | D:1      | Reached XP level 2. HP: 22/22 MP: 2/2
   850 | D:2      | Reached skill level 6 in Polearms
   850 | D:2      | Reached XP level 3. HP: 24/27 MP: 3/3
  1558 | D:3      | Reached XP level 4. HP: 33/33 MP: 4/4
  1562 | D:3      | Reached skill level 7 in Polearms
  1571 | D:3      | Identified 2 scrolls of acquirement
  1571 | D:3      | Acquired a +2 glaive of protection
  1576 | D:3      | HP: 1/33 [worm (8)]
  1577 | D:3      | Mangled by an iguana

Illustrated notes

Levels and vault maps discovered:
D:1:      eino_arrival_water_star, layout_basic, grunt_decor_one_mirror,
          minmay_misc_feat_enclosed, chequers_serial_rivers_small_3,
          minmay_heptomino_d4
D:2:      layout_rooms, minmay_misc_feat_tiny, st_stairs_11
D:3:      layout_basic, nemelex_altar_shiori, cheibrodos_sewer_entry_drain,
          serial_shops, nicolae_square_shop, minmay_between

Skill      XL: |  1  2  3  4 |
---------------+-------------+-----
Polearms       | 5 6 7 |  7.0
Fighting       | |  2.1
Throwing       | |  2.0
Dodging        | |  4.0

Action                   |  1- 3 |  4- 6 || total
-------------------------+-------+-------++-------
Melee: Trident           |   135 |     9 ||   144
  Use: Scroll            |       |     3 ||     3
       Potion            |       |     1 ||     1
 Stab: Sleeping          |     2 |       ||     2
Armor: Leather armour    |    27 |     2 ||    29
Dodge: Dodged            |    75 |    13 ||    88

Table legend: (Time is in decaauts)
 A = Elapsed time spent in this place.
 B = Non-inter-level travel time spent in this place.
 C = Inter-level travel time spent in this place.
 D = Time resting spent in this place.
 E = Time spent auto-exploring this place.
 F = Levels seen in this place.
 G = Mean time per level.
                   A        B        C        D        E       F      G
               +--------+--------+--------+--------+--------+-----+--------+
         Total |   1569 |   1554 |     15 |    240 |   1016 |   3 |  523.0 |
       Dungeon |   1569 |   1554 |     15 |    240 |   1016 |   3 |  523.0 |
               +--------+--------+--------+--------+--------+-----+--------+

Top non-repeatable levels by time:
     D:1: 766 daAuts
     D:2: 680 daAuts
     D:3: 122 daAuts
